 Dungeon Crawl Stone Soup version 0.26-a0-664-gc8b27b8fc1 (webtiles) character file.

Game seed: 12799539294698491105

1414 c557223 the Grappler (level 8, 0/46 HPs)
             Began as a Gargoyle Gladiator on Oct 13, 2020.
             Was a Follower of Ru.
             Slain by a killer bee (7 damage)
             ... on level 7 of the Dungeon.
             The game lasted 00:19:26 (4982 turns).

c557223 the Grappler (Gargoyle Gladiator)           Turns: 4982, Time: 00:19:27

Health: 0/46       AC: 10    Str: 20    XL:     8   Next: 71%
Magic:  8/8        EV: 13    Int:  9    God:    Ru [*.....]
Gold:   216        SH:  0    Dex: 11    Spells: 7/7 levels left

rFire    . . .     SeeInvis +     - Unarmed
rCold    . . .     Faith    .   (no shield)
rNeg     + . .     Spirit   .   a - +0 leather armour
rPois    ∞         Reflect  .   b - +0 helmet
rElec    +         Harm     .   (no cloak)
rCorr    .         Rampage  .   (no gloves)
MR       .....                  (no boots)
Stlth    +.........             (no amulet)
HPRegen  0.15/turn              f - ring of see invisible
MPRegen  0.11/turn              z - ring of wizardry

@: hasted, very quick
A: negative energy resistance 1, electricity resistance, unbreathing,
petrification resistance, rot immunity, magic vulnerability 1, AC +5
a: Renounce Religion


You were on level 7 of the Dungeon.
You worshipped Ru.
Ru was aware of your devotion.
You visited 2 branches of the dungeon, and saw 7 of its levels.

You collected 216 gold pieces.

Inventory:

Missiles
 c - 4 throwing nets (quivered)
Armour
 a - a +0 leather armour (worn)
 b - a +0 helmet (worn)
Jewellery
 f - a ring of see invisible (left hand)
 t - an uncursed ring of resist corrosion
 w - an uncursed ring of fire
 z - a ring of wizardry (right hand)
Wands
 i - a wand of digging (3)
 u - a wand of paralysis (3)
 y - a wand of polymorph (9)
Scrolls
 e - a scroll of noise {unknown}
 g - a scroll of enchant weapon {unknown}
 h - 2 scrolls of remove curse
 j - a scroll of enchant armour {unknown}
 n - a scroll of immolation
 p - 3 scrolls of identify
 r - a scroll of amnesia
 s - 2 scrolls of blinking {unknown}
 x - a scroll of random uselessness {unknown}
Potions
 d - a potion of haste
 k - 2 potions of lignification
 l - 2 potions of curing {unknown}
 m - a potion of ambrosia {unknown}
 o - a potion of brilliance {unknown}
 q - a potion of resistance {unknown}
 v - a potion of invisibility {unknown}


   Skills:
 + Level 3.4 Fighting
 - Level 1.8 Throwing
 + Level 4.0 Armour
 + Level 4.6 Dodging
 + Level 8.5 Unarmed Combat
 + Level 0.3 Evocations


You had 7 spell levels left.
You didn't know any spells.
Your spell library contained the following spells:

 Spells                   Type           Power        Failure   Level
 Magic Dart               Conj           #...         19%         1
 Searing Ray              Conj           #.....       26%         2
 Dazzling Flash           Conj/Hex       #.....       45%         3
 Fulminant Prism          Conj/Hex       #.........   86%         4
 Iskenderun's Mystic Bla  Conj/Tloc      #.......     86%         4


Dungeon Overview and Level Annotations

Branches:
Dungeon (7/15)             Temple (1/1) D:4

Altars:
Cheibriados
Elyvilon
Gozag
Kikubaaqudgha
Makhleb
Nemelex Xobeh
Qazlal
Ru
Uskayaw
Vehumet
Xom

Annotations:
D:5 3 runed translucent doors, lilly's ghost, novice MiMo


Innate Abilities, Weirdness & Mutations

You are resistant to torment.
Your stone body is resilient. (AC +5)
You are immune to poison.
You resist negative energy. (rN+)
You are resistant to electric shocks. (rElec)
You can survive without breathing.
You are immune to petrification.
You are immune to rotting.
You are slightly vulnerable to magic. (MR-)


Message History

A white imp comes into view.
The killer bee stings you but does no damage.
The white imp gestures at you. The puff of frost misses you.
Found 16 gold pieces.
The killer bee closely misses you.
A water moccasin comes into view.
The water moccasin hisses angrily.
The killer bee stings you but does no damage.
The white imp gestures at you. The puff of frost misses you.
The puff of frost hits the killer bee.
An orc comes into view. It is wielding a +0 hand axe.
A hound skeleton comes into view.
Found 29 stones.
The killer bee closely misses you.
The leopard gecko hisses menacingly.
The killer bee stings you but does no damage.
The killer bee barely misses you. The killer bee stings you!
You die...

#.##...........$..#....
.........>.............
....#........#........
....#...(....#.Z..#
............lr....#
..........l.r5.o..#
(...#.......r#.yS.#
....##..##..##.y########
.......###.....y@.......
.......# ###############
.......# .......#
.......# .......#
......## ....>## ######


You could see 3 killer bees, a white imp, an orc, a leopard gecko, 2 quokkas and
a hound skeleton.

Vanquished Creatures
  Grinder (D:5)
  A sky beast (D:5)
  2 phantoms (D:6)
  An ogre (D:6)
  A centaur (D:5)
  A bullfrog (D:6)
  A scorpion (D:4)
  A howler monkey (D:5)
  4 crimson imps (D:5)
  A bullfrog zombie (D:4)
  2 hounds
  An orc priest (D:4)
  2 orc wizards (D:5)
  A bullfrog skeleton (D:7)
  2 worker ants
  12 gnolls
  3 adders
  A white imp (D:5)
  An ooze (D:2)
  An adder skeleton (D:4)
  3 dart slugs
  A worm (D:5)
  11 orcs
  6 giant cockroaches
  3 goblins
  5 hobgoblins
  3 jackals (D:1)
  5 kobolds
  2 quokkas
  6 bats
  6 frilled lizards
  2 quokka skeletons (D:5)
  2 rats (D:1)
95 creatures vanquished.

Vanquished Creatures (others)
  9 plants
  4 toadstools (D:6)
13 creatures vanquished.

Grand Total: 108 creatures vanquished

Notes
Turn   | Place    | Note
-------+----------+-------------------------------------------
     0 | D:1      | c557223 the Gargoyle Gladiator began the quest for the Orb.
     0 | D:1      | Reached XP level 1. HP: 12/12 MP: 1/1
   333 | D:1      | Reached XP level 2. HP: 17/17 MP: 2/2
  1016 | D:1      | Reached XP level 3. HP: 20/21 MP: 3/3
  1320 | D:2      | Reached skill level 1 in Armour
  1452 | D:2      | Found a sacrificial altar of Ru.
  1462 | D:2      | Became a worshipper of Ru the Awakened
  1518 | D:2      | Reached skill level 4 in Unarmed Combat
  1555 | D:2      | Found an opulent altar of Gozag.
  1555 | D:2      | Found a sparkling altar of Nemelex Xobeh.
  1620 | D:2      | Reached XP level 4. HP: 24/26 MP: 4/4
  1641 | D:2      | You fall into a shaft and drop 2 floors!
  1732 | D:4      | Found a hide-covered altar of Uskayaw.
  1736 | D:4      | Noticed a +0 dagger
  1736 | D:4      | Noticed a +0 dagger
  1760 | D:4      | Reached XP level 5. HP: 18/31 MP: 5/5
  2059 | D:4      | Found a staircase to the Ecumenical Temple.
  2090 | Temple   | Entered the Ecumenical Temple
  2352 | D:4      | Reached skill level 5 in Unarmed Combat
  2657 | D:4      | Reached XP level 6. HP: 32/36 MP: 6/6
  2659 | D:4      | Gained mutation: You are slightly vulnerable to magic.
                  | (MR-) [Ru sacrifice]
  2659 | D:4      | Reached * piety under Ru
  2783 | D:4      | Found a snail-covered altar of Cheibriados.
  2895 | D:5      | Entered Level 5 of the Dungeon
  2946 | D:5      | Noticed a sky beast
  2963 | D:5      | Killed a sky beast
  3068 | D:5      | Found a white marble altar of Elyvilon.
  3068 | D:5      | Noticed Grinder
  3074 | D:5      | Paralysed by Grinder for 2 turns
  3086 | D:5      | Killed Grinder
  3086 | D:5      | Reached skill level 6 in Unarmed Combat
  3086 | D:5      | Reached XP level 7. HP: 34/40 MP: 7/7
  3469 | D:5      | Noticed lilly's ghost (novice MiMo)
  3880 | D:5      | Found a shimmering altar of Xom.
  3896 | D:5      | Reached skill level 7 in Unarmed Combat
  3923 | D:5      | Paralysed by a crimson imp for 4 turns
  3939 | D:5      | Reached XP level 8. HP: 38/46 MP: 8/8
  4533 | D:5      | Found a runed translucent gate.
  4533 | D:5      | Found a runed translucent gate.
  4535 | D:5      | Found a runed translucent gate.
  4644 | D:6      | Reached skill level 8 in Unarmed Combat
  4793 | D:6      | Found an ancient bone altar of Kikubaaqudgha.
  4982 | D:7      | Slain by a killer bee

Illustrated notes

Levels and vault maps discovered:
D:1:      lemuel_arrival_room, layout_basic
D:2:      layout_rooms, grunt_temple_overflow_opulence, nicolae_ru_path_of_blood
D:4:      layout_loops_cross, dancing_weapons_uskayaw, kennysheep_mini,
          minmay_temple_entry_waves, serial_forest,
          infiniplex_forest_clump_long, infiniplex_forest_clump_curved,
          infiniplex_forest_corner_1, infiniplex_forest_straight_4,
          infiniplex_forest_lined_2, infiniplex_forest_clump_small,
          infiniplex_forest_end_1, minmay_stone_trees_large
D:5:      layout_rooms, led_xom_imps, gammafunk_ghost_split, basic_altar,
          guppyfry_early_lair_pool, uniq_grinder
D:6:      layout_loops_ring, grunt_temple_overflow_open, lemuel_doored_altar,
          chequers_serial_rivers_micro_b, minmay_gold_behind_fungi
D:7:      layout_rooms, serial_shops, shop, st_stairs_5
Temple:   nicolae_temple_figure_zero

Skill      XL: |  1  2  3  4  5  6  7  8 |
---------------+-------------------------+-----
Armour         | 1 2 3 4 |  4.0
Unarmed Combat | 4 5 6 7 8 |  8.5
Dodging        | 3 4 |  4.6
Fighting       | 3 |  3.4
Throwing       | |  1.8
Evocations     | |  0.3

Action                   |  1- 3 |  4- 6 |  7- 9 || total
-------------------------+-------+-------+-------++-------
Melee: Unarmed           |   161 |   140 |   199 ||   500
       Punch             |     2 |     2 |     6 ||    10
Invok: Sacrifice Essence |       |     1 |       ||     1
Evoke: Wand              |       |     1 |     7 ||     8
  Use: Scroll            |       |     4 |     1 ||     5
       Potion            |       |     1 |     1 ||     2
 Stab: Paralysed         |       |     8 |     4 ||    12
       Invisible         |       |       |     3 ||     3
       Distracted        |       |       |     2 ||     2
Armor: Leather armour    |   118 |    60 |    95 ||   273
Dodge: Dodged            |   178 |    87 |   160 ||   425

Table legend: (Time is in decaauts)
 A = Elapsed time spent in this place.
 B = Non-inter-level travel time spent in this place.
 C = Inter-level travel time spent in this place.
 D = Time resting spent in this place.
 E = Time spent auto-exploring this place.
 F = Levels seen in this place.
 G = Mean time per level.
                   A        B        C        D        E       F      G
               +--------+--------+--------+--------+--------+-----+--------+
         Total |   4923 |   4920 |      3 |   1139 |   2260 |   7 |  703.3 |
       Dungeon |   4807 |   4807 |      0 |   1076 |   2260 |   6 |  801.2 |
        Temple |    115 |    112 |      3 |     63 |      0 |   1 |  115.0 |
               +--------+--------+--------+--------+--------+-----+--------+

Top non-repeatable levels by time:
     D:5: 1655 daAuts
     D:1: 1184 daAuts
     D:4: 1129 daAuts
     D:2: 445 daAuts
     D:6: 337 daAuts
  Temple: 115 daAuts
     D:7: 55 daAuts
